 Dungeon Crawl Stone Soup version 0.28.0-49-g6dfe1f597d (webtiles) character file.

Game seed: 422772074088546679

63 Exodus22XD the Poker (level 3, -1/28 HPs)
             Began as a Demonspawn Gladiator on May 15, 2022.
             Slain by an ogre
             ... wielding a +0 giant club
              (21 damage)
             ... on level 2 of the Dungeon.
             The game lasted 00:00:54 (1830 turns).

Exodus22XD the Poker (Demonspawn Gladiator)         Turns: 1830, Time: 00:00:55

Health: -1/28      AC:  6    Str: 16    XL:     3   Next: 89%
Magic:  3/3        EV: 12    Int:  9    God:
Gold:   59         SH:  0    Dex: 14    Spells: 2/2 levels left

rFire   . . .      SeeInvis .   a - +0 trident
rCold   . . .      Faith    .   (no shield)
rNeg    . . .      Spirit   .   b - +0 leather armour
rPois   .          Reflect  .   c - +0 helmet
rElec   .          Harm     .   (no cloak)
rCorr   .          Rampage  .   (no gloves)
Will    .....                   (no boots)
Stlth   +.........              (no amulet)
HPRegen 0.09/turn               (no ring)
MPRegen 0.08/turn               (no ring)

@: no status effects
A: rugged brown scales 2
a: no special abilities


You were on level 2 of the Dungeon.
You visited 1 branch of the dungeon, and saw 2 of its levels.

You collected 59 gold pieces.

Inventory:

Hand Weapons
 a - a +0 trident (weapon)
Missiles
 d - 3 throwing nets (quivered)
Armour
 b - a +0 leather armour (worn)
 c - a +0 helmet (worn)
Wands
 g - a wand of digging (3)
Scrolls
 e - a scroll of identify {unknown}
Potions
 f - a potion of haste {unknown}


   Skills:
 + Level 2.1 Fighting
 + Level 3.7 Polearms
 + Level 1.8 Throwing
 + Level 1.2 Armour
 + Level 2.8 Dodging
 + Level 0.2 Stealth


You had 2 spell levels left.
You didn't know any spells.
Your spell library contained the following spells:

 Spells                   Type           Power      Damage    Failure   Level
 Sandblast                Erth           0%         2d4       45%         1
 Passwall                 Tmut/Erth      0%         N/A       58%         2
 Stone Arrow              Conj/Erth      0%         3d7       83%         3


Dungeon Overview and Level Annotations

Branches:
Dungeon (2/15)

Altars:


Innate Abilities, Weirdness & Mutations

You are mostly covered in rugged brown scales. (AC +2, +5% HP)


Message History

No target in view!
No target in view!
No target in view!
Found an escape hatch in the floor.
A ball python and a goblin come into view.
The goblin is wielding a +0 dagger of freezing.
The goblin shouts!
There are monsters nearby!
There are monsters nearby!
You reach to attack!
The ball python hisses angrily.
You puncture the goblin!
You kill the goblin!
A ball python is nearby!
Found a hunting sling.
A ball python is nearby!
You reach to attack!
You hit the ball python.
You kill the ball python!
You pick up a book of Geomancy and begin reading...
You add the spells Sandblast, Passwall and Stone Arrow to your library.
No target in view!
You now have 59 gold pieces (gained 4).
You see here a +0 dagger of freezing.
A hobgoblin comes into view.
Found 20 bolts.
The hobgoblin shouts!
A hobgoblin is nearby!
A hobgoblin is nearby!
An ogre comes into view. It is wielding a +0 giant club.
Found a stone staircase leading down.
The ogre shouts!
There are monsters nearby!
You hit the ogre but do no damage.
The hobgoblin hits you but does no damage.
The ogre hits you with a +0 giant club!
There are monsters nearby!
You barely miss the ogre. The hobgoblin closely misses you.
The ogre hits you with a +0 giant club!!
Ouch! That really hurt!
You die...

#○§§#
#..............#
#°§§#
#####.##.....)..#
##...#
#.##........#
....#
#.##........#
...##
#.##.#.....##
..## #.##.##...##
.)# #.....#####
..# ###.#.#
#####. #@# ......
#.>..Og# ######
###....# ##....
#.... #..... ..#
#..... #..
#...... #


You could see an ogre and a hobgoblin.

Vanquished Creatures
  Jessica (D:2)
  4 dart slugs (D:1)
  A giant cockroach (D:1)
  3 hobgoblins (D:1)
  2 quokkas (D:1)
  6 ball pythons
  2 bats (D:1)
  3 frilled lizards (D:1)
  3 goblins
  2 kobolds (D:1)
  3 rats (D:1)
30 creatures vanquished.

Vanquished Creatures (others)
  A quokka (D:2)
  A kobold (D:2)
2 creatures vanquished.

Grand Total: 32 creatures vanquished

Notes
Turn   | Place    | Note
-------+----------+-------------------------------------------
     0 | D:1      | Exodus22XD the Demonspawn Gladiator began the quest for the
                  | Orb.
     0 | D:1      | Reached XP level 1. HP: 16/16 MP: 1/1
    85 | D:1      | Found a faded altar of an unknown god.
   188 | D:1      | Reached skill level 3 in Polearms
   200 | D:1      | Gained mutation: You are partially covered in rugged brown
                  | scales. (AC +1, +3% HP) [demonic ancestry]
   200 | D:1      | Reached XP level 2. HP: 16/22 MP: 2/2
  1164 | D:1      | Gained mutation: You are mostly covered in rugged brown
                  | scales. (AC +2, +5% HP) [demonic ancestry]
  1164 | D:1      | Reached XP level 3. HP: 22/28 MP: 3/3
  1730 | D:2      | Noticed Jessica
  1741 | D:2      | Killed Jessica
  1742 | D:2      | Reached skill level 1 in Armour
  1828 | D:2      | Noticed an ogre
  1830 | D:2      | Slain by an ogre

Illustrated notes

Levels and vault maps discovered:
D:1:      lemuel_arrival_broad_hall, layout_basic,
          chequers_ecumenical_altar_grove, due_unseen_surprise
D:2:      layout_rooms, lemuel_flame_loot_1, uniq_jessica

Skill      XL: |  1  2  3 |
---------------+----------+-----
Polearms       | 3 |  3.7
Armour         | 1 |  1.2
Fighting       | |  2.1
Throwing       | |  1.8
Dodging        | |  2.8
Stealth        | |  0.2

Action                   || total
-------------------------++-------
Melee: Trident           ||   108
 Stab: Sleeping          ||     2
Armor: Leather armour    ||    31
Dodge: Dodged            ||    64
